 Dungeon Crawl Stone Soup version 0.27.1-1-g398f81649c (webtiles) character file.

Game seed: 1651913175379219012

18518 boopmooplesden the Severer (level 12, -10/110 HPs)
             Began as a Minotaur Fighter on Sept 18, 2021.
             Was the Champion of Okawaru.
             Mangled by a komodo dragon (26 damage)
             ... on level 2 of the Lair of Beasts.
             The game lasted 00:23:27 (13799 turns).

boopmooplesden the Severer (Minotaur Fighter)      Turns: 13799, Time: 00:23:27

Health: -10/110    AC: 16    Str: 25    XL:     12   Next: 28%
Magic:  11/11      EV:  8    Int:  6    God:    Okawaru [******]
Gold:   655        SH: 15    Dex: 12    Spells: 11/11 levels left

rFire    + + .     SeeInvis +   Z - +12 broad axe of Ohastaic {vorpal, rElec rF+ rN+ Dex+2}
rCold    . . .     Faith    +   c - +2 kite shield
rNeg     + . .     Spirit   .   P - +0 plate armour
rPois    .         Reflect  .   (helmet restricted)
rElec    +         Harm     .   C - +1 cloak {Stlth+}
rCorr    .         Rampage  .   (no gloves)
Will     .....                  (no boots)
Stlth    ..........             D - amulet of faith
HPRegen  0.28/turn              g - ring of see invisible
MPRegen  0.12/turn              j - ring of protection from fire

@: lethally poisoned (-10 -> -19), studying Axes
A: horns 2, retaliatory headbutt
a: Renounce Religion, Heroism, Finesse


You were on level 2 of the Lair of Beasts.
You worshipped Okawaru.
Okawaru was exalted by your worship.
You visited 3 branches of the dungeon, and saw 13 of its levels.

You collected 655 gold pieces.

Inventory:

Hand Weapons
 a - a +0 spectral war axe
 K - a +0 morningstar
 L - a +4 morningstar of freezing
 M - a +4 hand axe of freezing
 Q - the +8 longbow "Zephyr" {speed, Dex+3 SInv}
   (You found it on level 9 of the Dungeon)

   Attacks with this weapon are significantly faster.
   Dex:       It affects your dexterity (+3).
   SInv:      It lets you see invisible.
 U - the +5 broad axe "Dulidomadd" {freeze, rPois rC+ Int-4}
   (Okawaru gifted it to you on level 1 of the Lair of Beasts)

   It freezes those it strikes, dealing additional cold damage.
   It can also slow down cold-blooded creatures.
   Int:       It affects your intelligence (-4).
   rC:        It protects you from cold.
   rPois:     It protects you from poison.
 Z - the +12 broad axe of Ohastaic (weapon) {vorpal, rElec rF+ rN+ Dex+2}
   (Okawaru gifted it to you on level 2 of the Lair of Beasts)

   It inflicts extra damage upon your enemies.
   Dex:       It affects your dexterity (+2).
   rF:        It protects you from fire.
   rElec:     It insulates you from electricity.
   rN:        It protects you from negative energy.
Missiles
 p - 6 atropa-tipped darts
 R - 156 arrows
 V - 24 poisoned darts
Armour
 b - a +0 scale mail
 c - a +2 kite shield (worn)
 r - a +0 cloak
 x - a scarf of harm
 y - the +1 leather armour "Rirec" {rC+ Dex+2}
   (You found it on level 5 of the Dungeon)

   Dex:       It affects your dexterity (+2).
   rC:        It protects you from cold.
 C - a +1 cloak of stealth (worn)
 N - a +1 cloak
 P - a +0 plate armour (worn)
Jewellery
 g - a ring of see invisible (left hand)
 j - a ring of protection from fire (right hand)
 D - an amulet of faith (around neck)
 G - a +4 ring of evasion
 W - a ring of positive energy
Wands
 w - a wand of polymorph (15)
 A - a wand of iceblast (19) (quivered)
 I - a wand of mindburst (10)
Scrolls
 f - 5 scrolls of teleportation
 k - 4 scrolls of identify
 s - a scroll of fear
 B - a scroll of silence
 E - 2 scrolls of enchant weapon {unknown}
 H - 2 scrolls of enchant armour
 J - 2 scrolls of magic mapping
 O - 3 scrolls of blinking {unknown}
 S - a scroll of vulnerability {unknown}
 T - a scroll of torment {unknown}
 Y - a scroll of fog {unknown}
Potions
 d - a potion of might
 e - 2 potions of mutation {unknown}
 h - 5 potions of lignification
 i - 3 potions of attraction
 l - 2 potions of brilliance {unknown}
 m - a potion of ambrosia {unknown}
 n - 4 potions of curing
 o - 3 potions of flight {unknown}
 q - 2 potions of haste {unknown}
 t - a potion of experience {unknown}
 u - 2 potions of invisibility {unknown}
 v - 3 potions of resistance {unknown}
 z - 3 potions of berserk rage {unknown}
 F - 3 potions of degeneration {unknown}
 X - a potion of heal wounds {unknown}


   Skills:
 + Level 11.1 Fighting
 - Level 16.0(16.3) Axes
 + Level 5.6(12.0) Maces & Flails
 + Level 0.6 Throwing
 + Level 10.0 Armour
 + Level 5.2 Dodging
 + Level 4.7 Stealth
 + Level 11.0 Shields
 + Level 1.0 Invocations
 + Level 1.1 Evocations


You had 11 spell levels left.
You didn't know any spells.
Your spell library contained the following spells:

 Spells                   Type           Power      Damage    Failure   Level
 Corpse Rot               Necr/Air       N/A        N/A       100%        2
 Poisonous Vapours        Pois/Air       0%         N/A       100%        2
 Tukima's Dance           Hex            0%         N/A       100%        3
 Airstrike                Air            0%         N/A       100%        4
 Passage of Golubria      Tloc           N/A        N/A       100%        4
 Summon Lightning Spire   Summ/Air       0%         N/A       100%        4
 Freezing Cloud           Conj/Ice/Air   0%         6-21      100%        5
 Iskenderun's Battlesphe  Conj           0%         2d6       100%        5
 Lightning Bolt           Conj/Air       0%         1d11      100%        5
 Yara's Violent Unravell  Hex/Tmut       0%         3d3       100%        5
 Iron Shot                Conj/Erth      0%         9d1       100%        6
 Spellforged Servitor     Conj/Summ      0%         N/A       100%        7


Dungeon Overview and Level Annotations

Branches:
Dungeon (10/15)            Temple (1/1) D:5            Lair (2/6) D:10
  Snake (0/4) Lair:2
  Swamp: Lair:2-4    Shoals: Lair:2-4       Orc: D:9-12

Altars:
Ashenzari
Cheibriados
Elyvilon
Fedhas
Gozag
Hepliaklqana
Kikubaaqudgha
Makhleb
Nemelex Xobeh
Okawaru
Qazlal
Sif Muna
Trog
Uskayaw
Wu Jian
Xom
Zin
The Shining One

Shops:
D:4 *   D:10 (


Innate Abilities, Weirdness & Mutations

You have a pair of horns on your head.
You reflexively headbutt those who attack you in melee.


Message History

You slash the cane toad!
The black mamba bites you but does no damage.
You block the cane toad's attack.
The black mamba bites you but does no damage.
You slice the black mamba!!
You kill the black mamba!
Okawaru accepts your kill.
You slash the cane toad!
You kill the cane toad!
Okawaru accepts your kill. The black mamba bites you!
You are poisoned.
The black mamba poisons you!
Your Fighting skill increases to level 11!
Your Armour skill increases to level 10!
Your Shields skill increases to level 11!
You slice the black mamba!! Your headbutt misses the black mamba.
The black mamba is almost dead.
You feel very sick.
The black mamba bites you but does no damage.
Unknown command.
You miss the black mamba. Your headbutt misses the black mamba.
The black mamba is almost dead.
You slice the komodo dragon!!
You feel very sick. You block the black mamba's attack.
You block the komodo dragon's attack. The black mamba bites you.
* * * LOW HITPOINT WARNING * * *
You slice the black mamba!!
You kill the black mamba!
Okawaru accepts your kill.
You barely miss the komodo dragon.
You feel very sick. The komodo dragon bites you.
* * * LOW HITPOINT WARNING * * *
You slash the komodo dragon! Your headbutt misses the komodo dragon.
The komodo dragon is almost dead.
You feel very sick. The komodo dragon bites you!!
You die...

...#....#.............#..
#......#................
#P.................#.D.
#.................#...
#...†...........†.†...
#.............#...##..
##......†......P....###
#....†#†............###
##...†@#.#..P..........
##.....l...............
##......................
##...#.#.†...............
#. #....##...........
...... #..
#...###........... .P..#.
####.. #...##...###....##
.#....
#..[..###...#.....# ##.##
......
........##.......## .#
......


You could see a komodo dragon.

Vanquished Creatures
  A hydra (Lair:2)
  A centaur warrior (D:10)
  2 two-headed ogres
  4 elephants (Lair:2)
  5 black mambas (Lair:2)
  4 cane toads
  2 komodo dragons (Lair:1)
  2 trolls (D:10)
  Sigmund (D:5)
  29 yaks
  A basilisk (Lair:1)
  Menkaure (D:4)
  11 water moccasins
  3 ice beasts
  3 orc warriors
  A black bear (D:5)
  6 ogres
  2 sky beasts
  2 wolves (D:10)
  6 centaurs
  2 kobold brigands
  9 bullfrogs
  2 gnoll sergeants
  4 scorpions
  A water moccasin skeleton (D:6)
  9 killer bees
  3 howler monkeys
  7 wights
  3 electric eels
  A bullfrog zombie (D:5)
  A centaur zombie (D:5)
  3 hounds (D:10)
  3 centaur skeletons
  2 jellies
  Crazy Yiuf (D:5)
  A bullfrog skeleton (D:4)
  A gnoll shaman (D:7)
  6 orc priests
  An iguana (D:4)
  5 orc wizards
  A killer bee zombie (D:8)
  Robin (D:4)
  18 gnolls
  10 adders
  3 white imps
  An ufetubus (D:5)
  A worm (D:4)
  5 dart slugs
  13 orcs
  4 bats
  9 endoplasms
  7 giant cockroaches
  15 goblins
  9 hobgoblins
  9 quokkas
  4 ball pythons
  6 frilled lizards
  9 kobolds
  9 rats
286 creatures vanquished.

Vanquished Creatures (others)
  13 fungi
  39 plants
52 creatures vanquished.

Grand Total: 338 creatures vanquished

Notes
Turn   | Place    | Note
-------+----------+-------------------------------------------
     0 | D:1      | boopmooplesden the Minotaur Fighter began the quest for the
                  | Orb.
     0 | D:1      | Reached XP level 1. HP: 19/19 MP: 0/0
   194 | D:1      | Reached XP level 2. HP: 27/27 MP: 1/1
   444 | D:1      | Reached skill level 3 in Axes
   444 | D:1      | Reached XP level 3. HP: 26/34 MP: 2/2
  1402 | D:2      | Reached XP level 4. HP: 36/41 MP: 3/3
  1550 | D:2      | Reached skill level 4 in Axes
  1924 | D:2      | You fall into a shaft and drop 1 floor!
  2092 | D:2      | Noticed an ogre
  2100 | D:2      | Killed an ogre
  2101 | D:2      | Reached XP level 5. HP: 37/47 MP: 4/4
  2558 | D:3      | Found a faded altar of an unknown god.
  3123 | D:4      | Reached skill level 5 in Armour
  3123 | D:4      | Reached skill level 1 in Dodging
  3123 | D:4      | Reached XP level 6. HP: 38/55 MP: 5/5
  3227 | D:4      | Reached skill level 1 in Stealth
  3228 | D:4      | Reached skill level 5 in Axes
  3285 | D:4      | Noticed a yak
  3301 | D:4      | Killed a yak
  3302 | D:4      | Reached skill level 5 in Fighting
  3302 | D:4      | Reached skill level 5 in Shields
  3302 | D:4      | Reached XP level 7. HP: 48/61 MP: 6/6
  3306 | D:4      | Reached skill level 6 in Axes
  3504 | D:4      | Found a blossoming altar of Fedhas.
  3583 | D:4      | Noticed Menkaure
  3599 | D:4      | Killed Menkaure
  3937 | D:4      | Noticed Robin
  3952 | D:4      | Killed Robin
  4020 | D:4      | Reached skill level 7 in Axes
  4084 | D:4      | Found Geur's General Store.
  4177 | D:5      | Entered Level 5 of the Dungeon
  4189 | D:4      | Reached XP level 8. HP: 10/69 MP: 7/7
  4469 | D:5      | Noticed Sigmund
  4480 | D:5      | Killed Sigmund
  4883 | D:5      | Identified the +1 leather armour "Rirec" {rC+ Dex+2}
  4889 | D:5      | Found a staircase to the Ecumenical Temple.
  4897 | Temple   | Entered the Ecumenical Temple
  4993 | Temple   | Became a worshipper of Warmaster Okawaru
  5086 | D:5      | Reached skill level 8 in Axes
  5389 | D:5      | Found a runed translucent door.
  5390 | D:5      | Noticed Crazy Yiuf
  5395 | D:5      | Killed Crazy Yiuf
  5613 | D:6      | Reached * piety under Okawaru
  5614 | D:6      | Reached XP level 9. HP: 61/75 MP: 8/8
  5964 | D:6      | Found a white marble altar of Elyvilon.
  6108 | D:6      | Identified a scroll of acquirement
  6108 | D:6      | Acquired a manual of Axes
  6260 | D:6      | Reached skill level 9 in Axes
  6416 | D:6      | Reached ** piety under Okawaru
  6641 | D:7      | Reached skill level 10 in Axes
  6914 | D:7      | Found an opulent altar of Gozag.
  7277 | D:8      | Found a shimmering altar of Xom.
  7309 | D:8      | Reached *** piety under Okawaru
  8274 | D:8      | Found an ancient bone altar of Kikubaaqudgha.
  8274 | D:8      | Found a blossoming altar of Fedhas.
  8328 | D:8      | Reached skill level 11 in Axes
  8407 | D:8      | Noticed a two-headed ogre
  8414 | D:8      | Killed a two-headed ogre
  8414 | D:8      | Reached **** piety under Okawaru
  8415 | D:8      | Reached XP level 10. HP: 74/88 MP: 9/9
  8684 | D:8      | Noticed a five-headed hydra
  9244 | D:9      | Reached skill level 12 in Axes
 10189 | D:9      | Found the +8 longbow "Zephyr" {speed, Dex+3 SInv}
 10669 | D:10     | Entered Level 10 of the Dungeon
 10669 | D:10     | Noticed a two-headed ogre
 10679 | D:10     | Killed a two-headed ogre
 10712 | D:10     | Reached skill level 13 in Axes
 11195 | D:10     | Found a staircase to the Lair.
 11213 | D:10     | Noticed a centaur warrior
 11224 | D:10     | Killed a centaur warrior
 11224 | D:10     | Reached ***** piety under Okawaru
 11225 | D:10     | Reached skill level 5 in Dodging
 11309 | D:10     | Found Ranisa's Weapon Emporium.
 11332 | D:10     | Reached XP level 11. HP: 70/95 MP: 10/10
 11348 | D:10     | Reached skill level 14 in Axes
 11988 | Lair:1   | Entered Level 1 of the Lair of Beasts
 12092 | Lair:1   | Reached skill level 10 in Shields
 12331 | Lair:1   | Identified the +5 broad axe "Dulidomadd" {freeze, rPois rC+
                  | Int-4} (Okawaru gifted it to you on level 1 of the Lair of
                  | Beasts)
 12331 | Lair:1   | Received a gift from Okawaru
 12332 | Lair:1   | Reached skill level 1 in Evocations
 12332 | Lair:1   | Reached ****** piety under Okawaru
 12334 | Lair:1   | Reached skill level 15 in Axes
 12447 | Lair:1   | Reached skill level 10 in Fighting
 13075 | Lair:2   | Noticed an eight-headed hydra
 13087 | Lair:2   | Reached skill level 16 in Axes
 13098 | Lair:2   | Received a gift from Okawaru
 13099 | Lair:2   | Reached skill level 1 in Maces & Flails
 13537 | Lair:2   | Reached XP level 12. HP: 108/108 MP: 11/11
 13670 | Lair:2   | Found a staircase to the Snake Pit.
 13773 | Lair:2   | Killed an eight-headed hydra
 13773 | Lair:2   | Identified the +12 broad axe of Ohastaic {vorpal, rElec rF+
                  | rN+ Dex+2} (Okawaru gifted it to you on level 2 of the Lair
                  | of Beasts)
 13773 | Lair:2   | Received a gift from Okawaru
 13774 | Lair:2   | Reached skill level 5 in Maces & Flails
 13774 | Lair:2   | Reached skill level 1 in Invocations
 13796 | Lair:2   | Reached skill level 10 in Armour
 13799 | Lair:2   | Mangled by a komodo dragon

Illustrated notes

Levels and vault maps discovered:
D:1:      eino_arrival_water_cross, layout_basic, minmay_surrounded
D:2:      layout_loops_corners, minmay_increasing_density
D:3:      layout_basic, nicolae_overflow_hidden_temple,
          hellmonk_ecumenical_altar_lost_god
D:4:      layout_cave_pools, serial_shops, kennysheep_little_box,
          minmay_misc_feat_secret_circle, serial_bayou_lagoon_a,
          minmay_ruined_shrine, uniq_robin, uniq_menkaure
D:5:      layout_rooms, minmay_temple_entry_tees, uniq_crazy_yiuf_cottage,
          uniq_sigmund
D:6:      layout_basic, mainiacjoe_overflow_alcove_1,
          corexii_item_surrounded_by_moat, st_stairs_3
D:7:      layout_basic, mainiacjoe_overflow_brackets
D:8:      layout_basic, grunt_temple_overflow_growth_and_decay,
          amcnicky_altar_gilded
D:9:      layout_basic, kennysheep_path_1
D:10:     layout_cave_pools, erik_lair_island, serial_shops,
          nicolae_shop_waterfront
Temple:   regret_index_temple_sphere_string
Lair:1:   layout_concentric_octagons, st_stairs_11, grunt_megastairs_1
Lair:2:   layout_regular_city, minmay_snake_entry_six_corridors

Skill      XL: |  1  2  3  4  5  6  7  8  9 10 11 12 |
---------------+-------------------------------------+-----
Fighting       | 4 5 6 7 8 10 11 | 11.1
Axes           | 3 4 5 7 8 11 13 16 | 16.0
Armour         | 4 5 6 8 9 10 | 10.0
Shields        | 4 5 6 8 9 10 11 | 11.0
Dodging        | 1 2 4 5 |  5.2
Stealth        | 1 3 4 |  4.7
Evocations     | 1 |  1.1
Maces & Flails | 3 5 |  5.6
Invocations    | 1 |  1.0
Throwing       | |  0.6

Action                   |  1- 3 |  4- 6 |  7- 9 | 10-12 || total
-------------------------+-------+-------+-------+-------++-------
Melee: War axe           |    66 |    80 |   241 |   192 ||   579
       Headbutt          |     7 |    12 |    44 |    54 ||   117
       Morningstar       |       |       |       |    65 ||    65
       Broad axe         |       |       |       |    17 ||    17
Throw: Dart              |       |       |     3 |       ||     3
Invok: Heroism           |       |       |     1 |     4 ||     5
Evoke: Wand              |       |       |       |     8 ||     8
  Use: Scroll            |       |     9 |     5 |     2 ||    16
       Potion            |       |       |     4 |     2 ||     6
 Stab: Distracted        |       |       |     1 |     4 ||     5
       Sleeping          |       |       |     6 |     3 ||     9
Armor: Scale mail        |    28 |    22 |    43 |       ||    93
       Leather armour    |       |       |    25 |    11 ||    36
       Plate armour      |       |       |       |    79 ||    79
Dodge: Dodged            |    25 |    27 |    74 |    72 ||   198
Block: Kite shield       |    34 |    39 |   186 |   191 ||   450
